 Dungeon Crawl Stone Soup version 0.16.0-17-g811c1d7 (console) character file.

28 Monkaria the Skirmisher (level 3, 0/31 HPs)
             Began as a Minotaur Fire Elementalist on Mar 21, 2015.
             Slain by a quokka (4 damage)
             ... on level 2 of the Dungeon.
             The game lasted 00:00:58 (580 turns).

Monkaria the Skirmisher (Minotaur Fire Elementalist) Turns: 580, Time: 00:00:58

Health: 0/31       AC:  2    Str: 13    XL:     3   Next: 0%
Magic:  3/3        EV: 12    Int: 12    God:
Gold:   57         SH:  0    Dex: 10    Spells: 1 memorised, 3 levels left

rFire  . . .     SeeInvis .     (no weapon)
rCold  . . .     Clarity  .     a - +0 robe
rNeg   . . .     SustAb   .     (no shield)
rPois  .         Gourm    .     (helmet restricted)
rElec  .         Spirit   .     (no cloak)
rCorr  .         Warding  .     (no gloves)
rMut   .         Stasis   .     (no boots)
MR     .....                    (no amulet)
Stlth  +.........               (no ring)
                                (no ring)

@: not resistant to hostile enchantments, very unstealthy
A: retaliatory headbutt, horns 2
a: no special abilities


You were on level 2 of the Dungeon.
You were not hungry.

You visited 1 branch of the dungeon, and saw 2 of its levels.

You collected 57 gold pieces.

Inventory:

Armour
 a - a +0 robe (worn)
Scrolls
 e - 2 scrolls of fog {unknown}
 i - a scroll of noise {unknown}
 m - a scroll of magic mapping {unknown}
Potions
 f - a potion of beneficial mutation {unknown}
 g - a potion of restore abilities {unknown}
 h - a potion of brilliance {unknown}
 j - a potion of curing {unknown}
 k - a potion of lignification {unknown}
 l - a potion of resistance {unknown}
Books
 b - a book of Flames

   Spells                             Type                      Level
   a - Flame Tongue                   Conjuration/Fire             1
   b - Throw Flame                    Conjuration/Fire             2
   c - Conjure Flame                  Conjuration/Fire             3
   d - Inner Flame                    Hexes/Fire                   3
   e - Sticky Flame                   Conjuration/Fire             4
   f - Fireball                       Conjuration/Fire             5
Comestibles
 c - 2 bread rations
 d - a beef jerky


   Skills:
 + Level 3.2 Fighting
 - Level 2.1 Dodging
 - Level 1.5 Stealth
 - Level 1.3 Spellcasting
 - Level 0.6 Conjurations
 - Level 2.1 Fire Magic


You had 3 spell levels left.
You knew the following spells:

 Your Spells              Type           Power        Failure   Level  Hunger
a - Flame Tongue          Conj/Fire      #....        17%         1    ##.....


Dungeon Overview and Level Annotations

Branches:
Dungeon (2/15)

Altars:
Yredelemnul


Innate Abilities, Weirdness & Mutations

You reflexively headbutt those who attack you in melee.
You have a pair of horns on your head.


Message History

The goblin shoots a stone.
The stone barely misses you.
Found a stone staircase leading down.
The quokka bites you.
* * * LOW HITPOINT WARNING * * *
The goblin unwields an uncursed hunting sling.
The goblin wields an uncursed club.
The goblin hits you with an uncursed club.
* * * LOW HITPOINT WARNING * * *
The quokka closely misses you.
You are too injured to fight recklessly!
Unknown command.
Unknown command.
You hit the quokka but do no damage. The quokka bites you.
* * * LOW HITPOINT WARNING * * *
The quokka misses you. You furiously retaliate!
You headbutt the quokka, but do no damage.
You closely miss the quokka.
The quokka bites you but does no damage.
You barely miss the quokka. The quokka bites you.
You die...

#..................
###.........########
#........(..# .
.#.........### ...
#......)....# #####..##
#.......P.P.# #.>......
#........_..## #........
#######.P.P..###.........
........(((@rg..........
#####.....##g..........
#.................
#.(.$.############
#######


You could see a quokka, a hobgoblin and a goblin.

Vanquished Creatures
  An adder (D:2)
  3 hobgoblins
  4 kobolds
  A quokka (D:2)
  3 bats
  A giant newt (D:2)
  3 goblins (D:1)
  3 rats
19 creatures vanquished.

Vanquished Creatures (others)
  A kobold (D:2)
1 creature vanquished.

Grand Total: 20 creatures vanquished

Notes
Turn   | Place    | Note
--------------------------------------------------------------
     0 | D:1      | Monkaria, the Minotaur Fire Elementalist, began the quest for the Orb.
     0 | D:1      | Reached XP level 1. HP: 14/14 MP: 2/2
    98 | D:1      | Reached skill level 1 in Fighting
   400 | D:1      | Reached XP level 2. HP: 19/24 MP: 2/2
   491 | D:1      | You fall through a shaft!
   521 | D:2      | Reached skill level 3 in Fighting
   551 | D:2      | Found a basalt altar of Yredelemnul.
   563 | D:2      | Reached XP level 3. HP: 13/31 MP: 3/3
   580 | D:2      | Slain by a quokka

Action                   || total
-------------------------++-------
Melee: Unarmed           ||    48
 Stab: Sleeping          ||     2
